 Dungeon Crawl Stone Soup version 0.23-a0-480-g1869896531 (webtiles) character file.

1756 LostNumber the Caller (level 8, -4/60 HPs)
             Began as a Mummy Summoner on Nov 29, 2018.
             Was an Initiate of Ru.
             Slain by a killer bee (7 damage)
             ... on level 7 of the Dungeon.
             The game lasted 00:13:06 (8631 turns).

LostNumber the Caller (Mummy Summoner)              Turns: 8631, Time: 00:13:07

Health: -4/60      AC:  5    Str: 11    XL:     8   Next: 78%
Magic:  3/16       EV: 12    Int: 17    God:    Ru [......]
Gold:   363        SH:  0    Dex: 12    Spells: 4/18 levels left

rFire    . . .     SeeInvis .   c - +0 spear
rCold    . . .     Gourm    .   (no shield)
rNeg     + + +     Faith    .   a - +0 robe
rPois    ∞         Spirit   .   (no helmet)
rElec    .         Reflect  .   j - +2 cloak
rCorr    .         Harm     .   (no gloves)
MR       +....                  (no boots)
Stlth    ++........             (no amulet)
HPRegen  0.20/turn              i - ring of fire
MPRegen  0.15/turn              (no ring)

@: very slightly contaminated
A: no food or potions, fire vulnerability, cold resistance 1, negative energy
resistance 3, torment resistance, unbreathing
a: Renounce Religion


You were on level 7 of the Dungeon.
You worshipped Ru.
Ru was noncommittal.
You were not hungry.

You visited 2 branches of the dungeon, and saw 8 of its levels.

You collected 363 gold pieces.

Inventory:

Hand Weapons
 c - a +0 spear (weapon)
Armour
 a - a +0 robe (worn)
 e - a +0 ring mail
 j - a +2 cloak (worn)
Jewellery
 i - a ring of fire (left hand)
Wands
 d - a wand of flame (48)
 l - a wand of iceblast (6)
Scrolls
 b - 3 scrolls of teleportation {unknown}
 f - 3 scrolls of identify {unknown}
 g - 2 scrolls of remove curse {unknown}
 h - a scroll of random uselessness {unknown}
 k - a scroll of enchant weapon {unknown}
 m - a scroll of enchant armour {unknown}
 n - a scroll of blinking {unknown}
 o - a scroll of fear {unknown}


   Skills:
 + Level 4.0 Fighting
 + Level 3.2 Polearms
 - Level 1.5 Dodging
 - Level 1.5 Stealth
 + Level 5.8 Spellcasting
 * Level 6.1 Summonings
 - Level 4.0 Ice Magic
 * Level 2.1 Air Magic


You had 4 spell levels left.
You knew the following spells:

 Your Spells              Type           Power        Failure   Level  Hunger
a - Summon Small Mammal   Summ           ####         1%          1    N/A
b - Call Imp              Summ           ####....     1%          2    N/A
c - Call Canine Familiar  Summ           ####....     3%          3    N/A
d - Summon Ice Beast      Ice/Summ       ###.....     16%         4    N/A
e - Summon Lightning Spi  Summ/Air       ###.....     24%         4    N/A

Your spell library contained the following spells:

 Spells                   Type           Power        Failure   Level  Hunger
 Summon Guardian Golem    Hex/Summ       ###.....     11%         3    N/A
 Magic Dart               Conj           #...         13%         1    N/A
 Searing Ray              Conj           #.....       21%         2    N/A
 Dazzling Spray           Conj/Hex       #.....       36%         3    N/A
 Gell's Gravitas          Tloc           #.........   36%         3    N/A
 Portal Projectile        Hex/Tloc       #.....       36%         3    N/A
 Force Lance              Conj/Tloc      #.......     78%         4    N/A
 Fulminant Prism          Conj/Hex       #.........   78%         4    N/A
 Iskenderun's Mystic Bla  Conj           #.......     78%         4    N/A
 Dispersal                Tloc           #.........   100%        6    N/A
 Controlled Blink         Tloc           N/A          100%        8    N/A
 Disjunction              Tloc           #.........   100%        8    N/A

Dungeon Overview and Level Annotations

Branches:
Dungeon (7/15)             Temple (1/1) D:7

Altars:
Dithmenos
Elyvilon
Kikubaaqudgha
Makhleb
Nemelex Xobeh
Okawaru
Ru
Sif Muna
Trog
Wu Jian
Yredelemnul
Zin


Innate Abilities, Weirdness & Mutations

You do not eat or drink.
Your flesh is vulnerable to fire.
You are immune to poison.
Your flesh is cold resistant. (rC+)
You are immune to negative energy. (rN+++)
You are immune to unholy pain and torment.
You can survive without breathing.


Message History

The killer bee misses you. The killer bee stings you.
* * * LOW HITPOINT WARNING * * *
Your ice beast completely misses the killer bee.
Your hound completely misses the killer bee.
Unknown command.
Okay, then.
The killer bee closely misses you. The killer bee stings you!
* * * LOW HITPOINT WARNING * * *
Your ice beast completely misses the killer bee.
Unknown command.
Unknown command.
The killer bee barely misses you.
The killer bee stings you but does no damage.
Your hound bites the killer bee but does no damage.
The killer bee barely misses you. The killer bee misses you.
The killer bee stings you.
* * * LOW HITPOINT WARNING * * *
Your ice beast misses the killer bee.
Your hound misses the killer bee.
Your hound bites the killer bee.
The killer bee stings you!
You die...

#..!....# ....' #.......#.....#
#.......#.....# ###'#####.....#
#.............#
.########......h.#####
#.............y..'...$#
+>...........yyY.#....#
#.............@..# ...#
#........#'####### ..#
#........#......# .#
#........#......## #
#........#.......# #..
#........#......## #..
+....†...#......## #.....#..
#....[...#......... #.....#..
#........#............#.....+..


You could see 3 killer bees, a friendly ice beast and a friendly hound.

Vanquished Creatures
  Eustachio (D:5)
  An ogre (D:6)
  2 scorpions
  A killer bee (D:7)
  Crazy Yiuf (D:3)
  A hound (D:4)
  An iguana (D:4)
  Natasha (D:4)
  2 worker ants (D:5)
  A hound zombie (D:7)
  A hound skeleton (D:3)
  A worker ant zombie (D:5)
  4 adders
  An ooze (D:5)
  A dart slug (D:2)
  6 orcs
  5 bats
  5 giant cockroaches
  9 goblins
  4 hobgoblins
  2 jackals (D:2)
  2 quokkas
  A ball python zombie (D:4)
  7 frilled lizards
  5 kobolds
  A leopard gecko skeleton (D:5)
  6 rats
73 creatures vanquished.

Vanquished Creatures (collateral kills)
  A sky beast (D:7)
  5 ogres
  3 centaurs
  A crocodile (D:5)
  5 bullfrogs
  Blork the orc (D:4)
  A killer bee (D:7)
  2 howler monkeys
  5 crimson imps
  2 jellies
  A bullfrog zombie (D:4)
  An orc priest (D:4)
  Ijyb (D:4)
  Natasha (twice) (D:4)
  2 orc wizards (D:4)
  2 worker ants
  A worker ant zombie (D:5)
  A gnoll (D:1)
  2 adders (D:4)
  A shadow imp (D:4)
  2 worms (D:2)
  A dart slug (D:3)
  2 leopard geckos
  13 orcs
  2 ball pythons
  2 giant cockroaches
  7 goblins (D:4)
  A hobgoblin (D:1)
  4 quokkas
  3 bats (D:1)
  2 frilled lizards
  2 giant cockroach zombies (D:4)
  4 kobolds
  A quokka zombie (D:5)
  A rat (D:3)
87 creatures vanquished.

Grand Total: 160 creatures vanquished

Notes
Turn   | Place    | Note
-------+----------+-------------------------------------------
     0 | D:1      | LostNumber the Mummy Summoner began the quest for the Orb.
     0 | D:1      | Reached XP level 1. HP: 13/13 MP: 4/4
   569 | D:1      | Reached XP level 2. HP: 11/20 MP: 3/5
   708 | D:1      | Learned a level 2 spell: Call Imp
  1086 | D:1      | Reached skill level 1 in Fighting
  1393 | D:1      | Reached XP level 3. HP: 24/26 MP: 7/7
  1398 | D:1      | Learned a level 3 spell: Call Canine Familiar
  2532 | D:3      | Reached XP level 4. HP: 29/32 MP: 9/9
  2697 | D:3      | Reached skill level 4 in Summonings
  2749 | D:3      | Reached skill level 1 in Polearms
  3054 | D:3      | Found a runed door.
  3249 | D:3      | You fall through a shaft for 2 floors!
  3249 | D:5      | Entered Level 5 of the Dungeon
  3418 | D:5      | Learned a level 4 spell: Summon Ice Beast
  3437 | D:5      | Reached XP level 5. HP: 38/38 MP: 7/10
  3491 | D:5      | Noticed an ogre
  3502 | D:5      | Killed an ogre
  3532 | D:5      | Noticed a centaur
  3540 | D:5      | Killed a centaur
  3540 | D:5      | Reached skill level 1 in Ice Magic
  3718 | D:5      | Reached XP level 6. HP: 29/44 MP: 9/12
  4444 | D:4      | Noticed Natasha
  4452 | D:4      | Killed Natasha
  4452 | D:4      | Reached XP level 7. HP: 32/51 MP: 13/13
  4571 | D:4      | Reached skill level 5 in Summonings
  4938 | D:3      | Noticed Crazy Yiuf
  4957 | D:3      | Killed Crazy Yiuf
  5330 | D:4      | Noticed Blork the orc
  5337 | D:4      | Learned a level 4 spell: Summon Lightning Spire
  5345 | D:4      | Killed Blork the orc
  5391 | D:4      | Noticed Ijyb
  5401 | D:4      | Killed Ijyb
  5565 | D:4      | Noticed Natasha
  5575 | D:4      | Killed Natasha
  5823 | D:4      | Noticed Natasha
  5839 | D:4      | Killed Natasha
  5905 | D:4      | Reached skill level 5 in Spellcasting
  6327 | D:5      | Noticed Eustachio
  6340 | D:5      | Killed Eustachio
  6483 | D:5      | Reached XP level 8. HP: 51/58 MP: 5/15
  6912 | D:6      | Reached skill level 1 in Air Magic
  8248 | D:7      | Reached skill level 6 in Summonings
  8393 | D:7      | Found a staircase to the Ecumenical Temple.
  8405 | Temple   | Entered the Ecumenical Temple
  8462 | Temple   | Became a worshipper of Ru the Awakened
  8630 | D:7      | HP: 2/60 [killer bee (4)]
  8631 | D:7      | Slain by a killer bee

Vault maps used:
D:1:      dpeg_arrival_windows_large_door
D:3:      uniq_crazy_yiuf_cottage
D:4:      serial_undead, serial_undead_e, serial_undead_d, serial_undead_b,
          serial_undead_b, kennysheep_small_spiral, st_stairs_13,
          minmay_ogre_servants, uniq_blork_the_orc, uniq_natasha, uniq_ijyb
D:5:      first_ration, uniq_eustachio
D:6:      minmay_misc_feat_secret_circle
D:7:      minmay_temple_entry_statues_pillars, serial_shops, shop
Temple:   regret_index_temple_chain_breaker

Skill      XL: |  1  2  3  4  5  6  7  8 |
---------------+-------------------------+-----
Spellcasting   | 3 4 5 |  5.8
Fighting       | 1 2 3 4 |  4.0
Summonings     | 4 5 6 |  6.1
Polearms       | 1 2 3 |  3.2
Ice Magic      | 1 2 3 4 |  4.0
Air Magic      | 2 |  2.1
Dodging        | |  1.5
Stealth        | |  1.5

Action                   |  1- 3 |  4- 6 |  7- 9 || total
-------------------------+-------+-------+-------++-------
Melee: Unarmed           |    43 |       |       ||    43
       Spear             |    93 |   190 |   281 ||   564
 Cast: Summon Small Mamm |     6 |     1 |       ||     7
       Call Imp          |     7 |    16 |     3 ||    26
       Call Canine Famil |     4 |    17 |    32 ||    53
       Summon Ice Beast  |       |       |    12 ||    12
       Summon Lightning  |       |       |     2 ||     2
 Stab: Sleeping          |    10 |       |     2 ||    12
       Distracted        |     2 |     2 |       ||     4
Armor: Robe              |    29 |       |    39 ||    68
       Ring mail         |     5 |    37 |    12 ||    54
Dodge: Dodged            |    75 |    79 |   143 ||   297

Table legend:
 A = Non-vault XP
 B = Vault XP
 C = Vault XP percentage of total XP
 D = Non-vault monster count
 E = Vault monster count
 F = Vault count percentage of total count
                 A         B        C        D         E       F
            +---------+---------+-------+---------+---------+-------
      Total |    2049 |     460 |  18.3 |     141 |      19 |  11.9
            +---------+---------+-------+---------+---------+-------
        D:1 |      43 |       0 |   0.0 |      23 |       0 |   0.0
        D:2 |      44 |       0 |   0.0 |      17 |       0 |   0.0
        D:3 |      58 |      30 |  34.1 |      22 |       1 |   4.3
        D:4 |     316 |     295 |  48.3 |      27 |      17 |  38.6
        D:5 |     581 |     135 |  18.9 |      28 |       1 |   3.4
        D:6 |     529 |       0 |   0.0 |       8 |       0 |   0.0
        D:7 |     478 |       0 |   0.0 |      16 |       0 |   0.0
            +---------+---------+-------+---------+---------+-------
